 Dungeon Crawl Stone Soup version 0.29.1-15-g9cfb28693d (webtiles) character file.

Game seed: 17436456763008442305

102 javelincjr the Magician (level 4, 0/32 HPs)
             Began as a Demonspawn Hedge Wizard on May 1, 2023.
             Was an Initiate of Yredelemnul.
             Slain by an orc wizard
             ... wielding a +0 dagger
              (3 damage)
             ... on level 3 of the Dungeon.
             The game lasted 00:06:31 (3059 turns).

javelincjr the Magician (Demonspawn Hedge Wizard)   Turns: 3059, Time: 00:06:31

Health: 0/32       AC:  4    Str: 10    XL:     4   Next: 49%
Magic:  7/9        EV: 12    Int: 18    God:    Yredelemnul [......]
Gold:   86         SH:  0    Dex: 12    Spells: 8/9 levels left

rFire   . . .      SeeInvis +   e - +0 whip (elec)
rCold   . . .      Faith    .   (no shield)
rNeg    . . .      Spirit   .   p - +0 robe of Foolhardiness {Harm Rampage rCorr SInv}
rPois   .          Reflect  .   c - +0 hat
rElec   .          Harm     +   r - scarf {repulsion}
rCorr   +          Rampage  +   (no gloves)
Will    .....                   (no boots)
Stlth   ++........              (no amulet)
HPRegen 0.10/turn               (no ring)
MPRegen 0.11/turn               (no ring)

@: repel missiles
A: claws 1, molten scales 1, condensation shield
a: Renounce Religion, Recall Undead Harvest


You were on level 3 of the Dungeon.
You worshipped Yredelemnul.
Yredelemnul was noncommittal.
You visited 1 branch of the dungeon, and saw 3 of its levels.

You collected 86 gold pieces.

Inventory:

Hand Weapons
 a - a +0 dagger
 e - a +0 whip of electrocution (weapon)
Armour
 b - a +0 robe
 c - a +0 hat (worn)
 g - a +0 cloak
 p - the +0 robe of Foolhardiness (worn) {Harm Rampage rCorr SInv}
   (You found it on level 3 of the Dungeon)

   SInv:      It lets you see invisible.
   rCorr:     It protects you from acid and corrosion.
   Harm:      It increases damage dealt and taken.
   Rampage:   It bestows one free step when moving towards enemies.
 r - a scarf of repulsion (worn)
Magical Staves
 f - a staff of air
Scrolls
 i - a scroll of noise {unknown}
 l - a scroll of fog {unknown}
 m - a scroll of poison {unknown}
 n - a scroll of identify {unknown}
 o - a scroll of amnesia {unknown}
 q - a scroll of enchant weapon {unknown}
Potions
 d - 2 potions of magic
 h - a potion of flight {unknown}
 j - 5 potions of attraction {unknown}
 k - a potion of curing {unknown}


   Skills:
 + Level 1.1 Fighting
 + Level 2.2 Dodging
 + Level 2.2 Stealth
 + Level 3.3 Spellcasting
 + Level 1.8 Conjurations
 + Level 1.9 Summonings
 + Level 1.6 Translocations


You had 8 spell levels left.
You knew the following spells:

 Your Spells              Type           Power      Damage    Failure   Level
a - Magic Dart            Conj           36%        1d4       8%          1

Your spell library contained the following spells:

 Spells                   Type           Power      Damage    Failure   Level
 Call Imp                 Summ           9%         N/A       11%         2
 Blink                    Tloc           18%        N/A       12%         2
 Slow                     Hex            12%        N/A       16%         1
 Conjure Flame            Conj/Fire      6%         6-21      32%         3
 Mephitic Cloud           Conj/Pois/Air  5%         N/A       36%         3


Dungeon Overview and Level Annotations

Branches:
Dungeon (3/15)

Altars:
Xom
Yredelemnul

Shops:
D:1 :   D:3 (


Innate Abilities, Weirdness & Mutations

You have sharp fingernails.
You are partially covered in molten scales. (AC +2)
A meltable shield of frost defends you. (SH +0)


Message History

Okay, then.
You're too confused to move!
You're too confused to move!
The orc wizard mumbles some strange words.
The orc wizard flickers and vanishes for a moment.
You bump into the rock wall.
You bump into the rock wall.
You feel less confused.
Casting: Magic Dart (safe; 8% risk of failure)
Confirm with . or Enter, or press ? or * to list all spells.
Okay, then.
Casting: Magic Dart (safe; 8% risk of failure)
Confirm with . or Enter, or press ? or * to list all spells.
Aiming: Magic Dart (safe; 8% risk of failure)
Press: ? - help, Shift-Dir - straight line, f/p - orc wizard
Aim: an orc wizard, wielding a +0 dagger and wearing a +0 robe (lightly wounded, slightly transparent, 100% to hit)
The magic dart hits the orc wizard.
The orc wizard is moderately wounded.
Casting: Magic Dart (safe; 8% risk of failure)
Confirm with . or Enter, or press ? or * to list all spells.
Aiming: Magic Dart (safe; 8% risk of failure)
Press: ? - help, Shift-Dir - straight line, f/p - orc wizard
Aim: an orc wizard, wielding a +0 dagger and wearing a +0 robe (moderately wounded, slightly transparent, 100% to hit)
The magic dart hits the orc wizard.
The orc wizard is heavily wounded.
The orc wizard hits you but does no damage.
You barely miss the orc wizard.
The orc wizard is heavily wounded.
The orc wizard hits you with a +0 dagger.
* * * LOW HITPOINT WARNING * * *
You barely miss the orc wizard.
The orc wizard is heavily wounded.
The orc wizard hits you with a +0 dagger.
* * * LOW HITPOINT WARNING * * *
The orc wizard misses you.
You barely miss the orc wizard.
The orc wizard is heavily wounded.
The orc wizard hits you with a +0 dagger.
You die...
Your body rises from the dead as a mindless zombie.

#...#
#.#######.#......##
##..#
#....>.......#####
#..# #..#######.#.#
#..# #..# #.#.#
.... ...# #.#.# ##
#Z..# #. #.###
#...#############.#
#....)...go@.....#
##################


You could see an orc wizard (invisible) and a hobgoblin.

Vanquished Creatures
  5 adders
  A worm (D:2)
  A dart slug (D:2)
  2 orcs (D:3)
  A ball python (D:3)
  2 bats
  An endoplasm (D:3)
  3 hobgoblins
  2 jackals (D:2)
  A quokka (D:3)
  7 goblins
  4 kobolds
  3 rats
33 creatures vanquished.

Vanquished Creatures (collateral kills)
  An adder (D:2)
  A dart slug (D:2)
  A hobgoblin (D:2)
  A jackal (D:2)
  A quokka (D:1)
  A ball python (D:1)
  A frilled lizard (D:1)
7 creatures vanquished.

Vanquished Creatures (others)
  A bat zombie (D:1)
  A ball python zombie (D:3)
  2 goblin zombies
  2 orc zombies (D:3)
  2 quokka zombies
8 creatures vanquished.

Grand Total: 48 creatures vanquished

Notes
Turn   | Place    | Note
-------+----------+-------------------------------------------
     0 | D:1      | javelincjr the Demonspawn Hedge Wizard began the quest for
                  | the Orb.
     0 | D:1      | Reached XP level 1. HP: 13/13 MP: 4/4
   200 | D:1      | Reached skill level 1 in Translocations
   597 | D:1      | Gained mutation: A meltable shield of frost defends you.
                  | (SH +0) [demonic ancestry]
   597 | D:1      | Reached XP level 2. HP: 13/19 MP: 0/6
   724 | D:1      | Found a faded altar of an unknown god.
   737 | D:1      | Prayed at the altar of an unknown god.
   737 | D:1      | Became a worshipper of Yredelemnul the Dark
   737 | D:1      | Reached * piety under Yredelemnul
   807 | D:1      | Found Plog's Book Emporium.
  1896 | D:2      | Gained mutation: You have sharp fingernails. [demonic
                  | ancestry]
  1896 | D:2      | Reached XP level 3. HP: 19/25 MP: 7/7
  2318 | D:2      | Gained mutation: You are partially covered in molten
                  | scales. (AC +2) [demonic ancestry]
  2318 | D:2      | Reached XP level 4. HP: 20/31 MP: 8/8
  2749 | D:3      | Found a shimmering altar of Xom.
  2758 | D:3      | Identified the +0 robe of Foolhardiness {Harm Rampage rCorr
                  | SInv}
  2760 | D:3      | Found Ofeorph's Weapon Shoppe.
  2792 | D:3      | Reached skill level 1 in Fighting
  3059 | D:3      | Slain by an orc wizard

Illustrated notes

Levels and vault maps discovered:
D:1:      mrwooster_arrival_arrow, layout_basic,
          shapermc_ecumenical_altar_totnotflames, serial_shops,
          nicolae_shop_waterfront, hangedman_decor_clover_reticule
D:2:      layout_basic, corexii_item_surrounded_by_moat, dk_vineyard_1
D:3:      layout_loops_ring, lemuel_crystal_altar, serial_shops,
          nicolae_shop_bloodbath_and_beyond

Skill      XL: |  1  2  3  4 |
---------------+-------------+-----
Translocations | 1 |  1.6
Stealth        | 2 |  2.2
Dodging        | 2 |  2.2
Fighting       | 1 |  1.1
Spellcasting   | |  3.3
Conjurations   | |  1.8
Summonings     | |  1.9

Action                   |  1- 3 |  4- 6 || total
-------------------------+-------+-------++-------
Melee: Whip              |    66 |    42 ||   108
       Dagger            |     6 |       ||     6
       Punch             |     1 |     1 ||     2
 Cast: Magic Dart        |    40 |     6 ||    46
 Stab: Sleeping          |     2 |     2 ||     4
Armor: Robe              |    17 |    18 ||    35
Dodge: Dodged            |    47 |    30 ||    77
Block: Other             |     4 |     6 ||    10
